 Dungeon Crawl Stone Soup version 0.23.2-1-ga50397a6bc (webtiles) character file.

Game seed: 4148512989634138853

1794 MachJacob the Geomancer (level 8, -3/68 HPs)
             Began as a Deep Dwarf Earth Elementalist on May 6, 2019.
             Was a Priest of Kikubaaqudgha.
             Killed from afar by a manticore (14 damage)
             ... with a volley of spikes
             ... on level 7 of the Dungeon.
             The game lasted 00:43:52 (8487 turns).

MachJacob the Geomancer (DDEE)                      Turns: 8487, Time: 00:43:53

Health: -3/68      AC:  8    Str: 12    XL:     8   Next: 82%
Magic:  0/14       EV: 11    Int: 18    God:    Kikubaaqudgha [***...]
Gold:   357        SH:  3    Dex: 13    Spells: 7/16 levels left

rFire    . . .     SeeInvis .   a - +4 trident
rCold    . . .     Gourm    .   J - +0 buckler
rNeg     . . .     Faith    +   w - +0 leather armour
rPois    .         Spirit   .   u - +0 helmet
rElec    .         Reflect  .   (no cloak)
rCorr    .         Harm     .   k - +2 pair of gloves
MR       +....                  E - +0 pair of boots
Stlth    ++++......             r - amulet of faith
HPRegen  0.00/turn              e - ring of stealth
MPRegen  0.14/turn              j - ring of stealth

@: about to teleport, barbed spikes, non-regenerating
A: damage resistance, heal wounds, sense surroundings 1, no regeneration
a: Heal Wounds, Receive Corpses, Renounce Religion


You were on level 7 of the Dungeon.
You worshipped Kikubaaqudgha.
Kikubaaqudgha was most pleased with you.
You were very hungry.

You visited 1 branch of the dungeon, and saw 7 of its levels.

You collected 357 gold pieces.

Inventory:

Hand Weapons
 a - a +4 trident (weapon)
 b - a +0 hunting sling
 I - a +2 short sword of flaming
Missiles
 o - 117 stones (quivered)
 z - 56 sling bullets
Armour
 c - a +0 robe
 k - a +2 pair of gloves (worn)
 u - a +0 helmet (worn)
 w - a +0 leather armour (worn)
 E - a +0 pair of boots (worn)
 J - a +0 buckler (worn)
Jewellery
 e - a ring of stealth (left hand)
 h - an uncursed ring of resist corrosion
 j - a ring of stealth (right hand)
 r - an amulet of faith (around neck)
 F - an uncursed ring of ice
Wands
 H - a wand of paralysis (12)
Scrolls
 g - 3 scrolls of remove curse
 i - a scroll of enchant armour
 m - 2 scrolls of magic mapping
 n - 6 scrolls of teleportation
 y - a scroll of amnesia
 D - a scroll of enchant weapon
Potions
 f - 3 potions of curing
 l - a potion of magic
 p - a potion of haste
 q - 2 potions of heal wounds
 t - 2 potions of lignification
 v - 2 potions of ambrosia
 x - 2 potions of might {unknown}
 A - a potion of cancellation {unknown}
 B - a potion of brilliance {unknown}
 C - a potion of agility {unknown}
 G - a potion of flight {unknown}
Comestibles
 d - 16 rations


   Skills:
 + Level 2.5 Fighting
 - Level 1.0 Polearms
 + Level 3.0 Armour
 - Level 2.1 Dodging
 - Level 2.4 Stealth
 + Level 0.5 Shields
 + Level 4.8 Spellcasting
 + Level 2.2 Conjurations
 * Level 7.0 Necromancy
 - Level 0.8 Transmutations
 - Level 8.0 Earth Magic


You had 7 spell levels left.
You knew the following spells:

 Your Spells              Type           Power        Failure   Level  Hunger
a - Sandblast             Erth           ####..       1%          1    None
b - Passwall              Tmut/Erth      ###.....     6%          2    #......
c - Stone Arrow           Conj/Erth      ###...       10%         3    ###....
d - Vampiric Draining     Necr           ####......   4%          3    ###....

Your spell library contained the following spells:

 Spells                   Type           Power        Failure   Level  Hunger
 Pain                     Necr           ####         1%          1    None
 Corpse Rot               Necr           N/A          2%          2    #......
 Sublimation of Blood     Necr           ####......   2%          2    #......
 Confusing Touch          Hex            #.....       26%         1    None
 Lee's Rapid Deconstruct  Erth           ####......   26%         5    ######.
 Borgnjor's Vile Clutch   Necr/Erth      ####......   34%         5    ######.
 Petrify                  Tmut/Erth      ###.....     38%         4    ####...
 Dispel Undead            Necr           ####....     38%         5    ######.
 Confuse                  Hex            #.......     63%         3    ###....
 Gell's Gravitas          Tloc           #.........   63%         3    ###....
 Excruciating Wounds      Chrm/Necr      ###.......   87%         5    ######.
 Death Channel            Necr           ####......   93%         6    #######
 Yara's Violent Unravell  Hex/Tmut       #.........   99%         5    ######.
 Metabolic Englaciation   Hex/Ice        #.........   100%        5    ######.
 Simulacrum               Ice/Necr       ###.......   100%        6    #######


Dungeon Overview and Level Annotations

Branches:
Dungeon (7/15)             Temple (0/1) D:7

Altars:
Cheibriados
Elyvilon
Kikubaaqudgha
Nemelex Xobeh
Sif Muna
Trog
Uskayaw

Shops:
D:6 !

Annotations:
D:7 Joseph


Innate Abilities, Weirdness & Mutations

You are resistant to damage.
You can heal yourself by infusing magical energy.
You passively map a small area around you.
You do not regenerate.


Message History

Confirm with . or Enter, or press ? or * to list all spells.
Aiming: Vampiric Draining (safe; 4% risk of failure)
Press: ? - help, Shift-Dir - straight line, f/p - manticore
Aim: a manticore (lightly wounded)
The manticore is moderately wounded.
You feel life coursing into your body. The manticore completely misses you.
The manticore claws you!
* * * LOW HITPOINT WARNING * * *
The manticore claws you.
As you read the scroll of teleportation, it crumbles to dust.
You feel strangely unstable.
The manticore bites you but does no damage.
The manticore claws you but does no damage.
The manticore claws you.
* * * LOW HITPOINT WARNING * * *
The manticore flicks its tail.
The volley of spikes hits you!
The barbed spikes become lodged in your body.
You die...
Kikubaaqudgha rasps: "You have failed me!
Welcome... death!"

* * * * ,*#...... * , ,,
#...... .##** , ,, , ,
####### .... , , , , *
*#..####################
#
#..#...#.....##.#...#.##
.
#..#.#.#####.#...#.#...#
.
#..#.#...#...##.#.#.#.##
.
#..#.###.#@###.#.....#.#
.
#..'.#.....#.H..#.#.#..#
.
#..###.#H###.#.#.....#.#,
.
#..#...#o..#.##H#.#.#.##
,.
#..#.#####.#.#...#.#...#,
.
#..#.....#...##.#o..#.##
#
#..###############'#####,
*
#..##.oo..o.##..#.#....#
,*
#..#..#####..#.#H#.#...#


You could see a manticore and an orc.

Vanquished Creatures
  2 ice beasts (D:5)
  A necrophage (D:5)
  A sky beast (D:6)
  2 centaurs
  A bullfrog (D:6)
  2 scorpions
  A water moccasin skeleton (D:7)
  2 bullfrog zombies (D:6)
  2 crimson imps
  2 hounds (D:7)
  2 jellies
  5 orc priests
  4 orc wizards
  A bullfrog skeleton (D:6)
  A centaur skeleton (D:7)
  An iguana (D:7)
  6 worker ants
  2 hound zombies
  A hound skeleton (D:7)
  2 gnolls (D:2)
  13 adders
  2 shadow imps
  2 oozes
  An adder skeleton (D:4)
  3 worms
  2 dart slugs (D:1)
  A leopard gecko (D:6)
  19 orcs
  6 giant cockroaches
  9 goblins
  7 hobgoblins
  13 jackals
  8 kobolds
  2 quokkas (D:2)
  A ball python (D:3)
  7 bats
  3 frilled lizards
  A jackal skeleton (D:5)
  A leopard gecko skeleton (D:5)
  11 rats
153 creatures vanquished.

Notes
Turn   | Place    | Note
-------+----------+-------------------------------------------
     0 | D:1      | MachJacob the Deep Dwarf Earth Elementalist began the quest
                  | for the Orb.
     0 | D:1      | Reached XP level 1. HP: 15/15 MP: 3/3
   113 | D:1      | Reached XP level 2. HP: 10/22 MP: 0/5
   351 | D:1      | Learned a level 2 spell: Passwall
   608 | D:1      | Reached skill level 5 in Earth Magic
   790 | D:1      | Reached XP level 3. HP: 27/28 MP: 2/6
  1054 | D:2      | Found an ancient bone altar of Kikubaaqudgha.
  1059 | D:2      | Found a white marble altar of Elyvilon.
  1072 | D:2      | Became a worshipper of Kikubaaqudgha
  1294 | D:2      | Learned a level 3 spell: Stone Arrow
  1579 | D:2      | Reached XP level 4. HP: 20/36 MP: 5/7
  1602 | D:2      | Reached skill level 6 in Earth Magic
  2156 | D:3      | Reached * piety under Kikubaaqudgha
  2156 | D:3      | Identified Kikubaaqudgha's Volume of Sinister Arts
                  | (Kikubaaqudgha gifted it to you on level 3 of the Dungeon)
  2156 | D:3      | Received a gift from Kikubaaqudgha
  2248 | D:3      | Noticed a +0 hand axe
  2249 | D:3      | Noticed a +0 dagger
  2252 | D:3      | Found a hide-covered altar of Uskayaw.
  2528 | D:3      | Reached XP level 5. HP: 38/42 MP: 9/9
  2937 | D:3      | Found a bloodstained altar of Trog.
  3234 | D:4      | Learned a level 3 spell: Vampiric Draining
  3420 | D:4      | Reached skill level 1 in Necromancy
  3486 | D:4      | Reached ** piety under Kikubaaqudgha
  3691 | D:4      | Reached XP level 6. HP: 36/49 MP: 6/10
  3912 | D:4      | Found a sparkling altar of Nemelex Xobeh.
  3913 | D:4      | Found a snail-covered altar of Cheibriados.
  3969 | D:5      | Entered Level 5 of the Dungeon
  3983 | D:5      | Noticed an ice beast
  4218 | D:5      | Reached skill level 7 in Earth Magic
  4354 | D:5      | Killed an ice beast
  4670 | D:5      | Reached XP level 7. HP: 34/55 MP: 9/11
  5067 | D:5      | Reached skill level 5 in Necromancy
  5558 | D:5      | Reached skill level 8 in Earth Magic
  5613 | D:5      | Reached skill level 1 in Armour
  5783 | D:5      | Reached skill level 1 in Fighting
  5783 | D:5      | Reached XP level 8. HP: 19/64 MP: 2/13
  5863 | D:5      | Found a deep blue altar of Sif Muna.
  6015 | D:6      | Reached skill level 1 in Conjurations
  6213 | D:6      | Reached *** piety under Kikubaaqudgha
  6213 | D:6      | Identified Kikubaaqudgha's Catalogue of Necromancy
                  | (Kikubaaqudgha gifted it to you on level 6 of the Dungeon)
  6213 | D:6      | Received a gift from Kikubaaqudgha
  6256 | D:6      | Found Riug's Distillery.
  7721 | D:7      | Found a staircase to the Ecumenical Temple.
  7816 | D:7      | Noticed Joseph
  8352 | D:7      | Reached skill level 1 in Polearms
  8453 | D:7      | Noticed a manticore
  8487 | D:7      | Killed from afar by a manticore

Skill      XL: |  1  2  3  4  5  6  7  8 |
---------------+-------------------------+-----
Spellcasting   | 2 3 4 |  4.8
Earth Magic    | 5 6 7 8 |  8.0
Necromancy     | 2 4 5 7 |  7.0
Armour         | 1 3 |  3.0
Fighting       | 1 2 |  2.5
Conjurations   | 2 |  2.2
Polearms       | 1 |  1.0
Dodging        | |  2.1
Stealth        | |  2.4
Shields        | |  0.5
Transmutations | |  0.8

Action                   |  1- 3 |  4- 6 |  7- 9 || total
-------------------------+-------+-------+-------++-------
Melee: Unarmed           |     4 |       |       ||     4
       Short sword       |    22 |    84 |    41 ||   147
       Trident           |       |       |    14 ||    14
 Fire: Hunting sling     |       |     6 |    38 ||    44
 Cast: Sandblast         |    48 |    61 |    54 ||   163
       Stone Arrow       |       |     1 |     6 ||     7
       Vampiric Draining |       |       |    33 ||    33
 Abil: Heal Wounds       |     1 |     2 |     3 ||     6
  Use: Scroll            |     1 |    12 |     8 ||    21
       Potion            |       |     1 |       ||     1
 Stab: Sleeping          |     3 |     6 |    11 ||    20
  Eat: Chunk             |     3 |     5 |    14 ||    22
       Ration            |       |     1 |       ||     1
Armor: Robe              |     7 |     3 |       ||    10
       Leather armour    |       |    17 |    30 ||    47
       Skin              |       |    36 |       ||    36
Dodge: Dodged            |    25 |    66 |    48 ||   139
Block: Buckler           |       |       |     2 ||     2
